General information
- name: 1v1 obs ts -clan aGG- VCK!!
- type: Custom game
- host: quhab
- saver: F91
map: TerenasStand
- players: 12
- length: 16:30
- speed: Fast
- version: 1.23 W3XP
- replay type: Public
» download(121 KB)
Players
team 1 (loser)

»
lvl50peasant (
gray | 152 APM | 2513 actions | 16:30)
4 Blademaster
2 Wind Walk
2 Critical Strike
2 Shadow Hunter
1 Hex
1 Healing Wave
» actions
| Assign group hotkey | 79 | |
| Basic commands | 102 | |
| Build / train | 70 | |
| Enter build submenu | 18 | |
| Enter hero's abilities submenu | 6 | |
| Give item / drop item | 1 | |
| Right click | 1209 | |
| Select / deselect | 346 | |
| Select group hotkey | 577 | |
| Use ability | 105 | |
2513 total
» units
| Peon | 13 | |
| Grunt | 6 | |
| Raider | 10 | |
| Spirit Walker | 4 | |
| Goblin Shredder | 1 | |
34 total
» upgrades
| Berserker Strength | 1 | |
| Ensnare | 1 | |
| Spirit Walker Training | 1 | |
3 total
» buildings
| Altar of Storms | 1 | |
| Orc Burrow | 6 | |
| Barracks | 1 | |
| Voodoo Lounge | 1 | |
| Stronghold | 3 | |
| Beastiary | 1 | |
| Spirit Lodge | 1 | |
| Great Hall | 1 | |
| War Mill | 1 | |
16 total
» build order
00:03 Altar of Storms
00:15 Orc Burrow
00:38 Barracks
01:32 Orc Burrow
01:53 Voodoo Lounge
03:08 Stronghold
03:08 Stronghold
04:21 Orc Burrow
05:32 Beastiary
06:16 Spirit Lodge
07:02 Orc Burrow
10:37 Great Hall
11:24 War Mill
12:38 Orc Burrow
16:02 Orc Burrow
» items
| Healing Salve | 5 | |
| Boots of Speed | 1 | |
| Lesser Clarity Potion | 4 | |
| Scroll of Speed | 1 | |
| Potion of Healing | 2 | |
| Scroll of Town Portal | 1 | |
14 total
team 2 (winner)

»
F91 (
pink | 159 APM | 2630 actions | 16:30)
5 Paladin
3 Holy Light
2 Devotion Aura
3 Mountain King
2 Storm Bolt
1 Bash
» actions
| Assign group hotkey | 43 | |
| Basic commands | 129 | |
| Build / train | 72 | |
| Enter build submenu | 25 | |
| Enter hero's abilities submenu | 8 | |
| Give item / drop item | 7 | |
| Remove unit from queue | 1 | |
| Right click | 1246 | |
| Select / deselect | 395 | |
| Select group hotkey | 611 | |
| Use ability | 93 | |
2630 total
» units
| Peasant | 16 | |
| Footman | 9 | |
| Knight | 9 | |
| Goblin Zeppelin | 2 | |
36 total
» upgrades
| Plating | 3 | |
| Animal War Training | 1 | |
| Swords | 1 | |
5 total
» buildings
| Altar of Kings | 1 | |
| Barracks | 2 | |
| Farm | 10 | |
| Scout Tower | 4 | |
| Keep | 3 | |
| Arcane Tower | 1 | |
| Arcane Vault | 2 | |
| Blacksmith | 1 | |
| Castle | 2 | |
| Lumber Mill | 1 | |
| Town Hall | 1 | |
| Guard Tower | 1 | |
29 total
» build order
00:07 Altar of Kings
00:18 Barracks
00:33 Farm
00:49 Farm
01:57 Farm
02:33 Scout Tower
03:14 Keep
03:14 Keep
03:14 Keep
03:28 Arcane Tower
03:31 Farm
03:42 Arcane Vault
04:25 Blacksmith
05:20 Farm
05:36 Castle
05:36 Castle
05:54 Farm
06:44 Farm
07:06 Arcane Vault
08:21 Lumber Mill
10:44 Farm
11:41 Town Hall
11:48 Farm
11:55 Farm
13:56 Barracks
14:19 Scout Tower
14:45 Scout Tower
14:46 Guard Tower
15:38 Scout Tower
» items
| Dust of Appearance | 1 | |
| Scroll of Healing | 2 | |
| Staff of Sanctuary | 1 | |
| Scroll of Regeneration | 1 | |
| Lesser Clarity Potion | 3 | |
| Scroll of Town Portal | 1 | |
9 total
observersquhab,
Tienkou,
what.peon,
thyevilpeanut,
OwNaGe-4-LiFe,
Heorin,
Wilkeh,
Kycok_Pyc,
Recess.,
plunkage Chat log
(00:05 / All) lvl50peasant: ..
(00:06 / All) lvl50peasant: gl
(00:09 / All) F91: gg gl
(01:57 / All) lvl50peasant: lol
(07:35 / All) lvl50peasant: wow
(07:37 / All) lvl50peasant: tome of Xp
(16:29 / All) lvl50peasant: gg